 Dungeon Crawl Stone Soup version 0.20.1-1-g8b1a95d66d (webtiles) character file.

100 Popi the Slasher (level 5, -9/42 HPs)
             Began as a Human Fighter on Dec 17, 2017.
             Mangled by an orc wizard
             ... wielding a +1 dagger of electrocution
              (18 damage)
             ... on level 2 of the Dungeon.
             The game lasted 00:07:21 (1595 turns).

Popi the Slasher (Human Fighter)                    Turns: 1595, Time: 00:07:21

Health: -9/42      AC: 12    Str: 17    XL:     5   Next: 3%
Magic:  5/5        EV:  5    Int:  8    God:
Gold:   41         SH:  0    Dex: 13    Spells: 4/4 levels left

rFire    . . .     SeeInvis .   a - +0 long sword
rCold    . . .     Gourm    .   (no shield)
rNeg     . . .     Faith    .   o - +0 plate armour
rPois    .         Spirit   .   (no helmet)
rElec    .         Reflect  .   (no cloak)
rCorr    .         Harm     .   m - +0 pair of gloves
MR       .....                  (no boots)
Stlth    ..........             (no amulet)
Regen    0.2/turn               (no ring)
MPRegen  0.1/turn               (no ring)

@: confused
A: no striking features
a: no special abilities


You were on level 2 of the Dungeon.
You were hungry.

You visited 1 branch of the dungeon, and saw 3 of its levels.

You collected 41 gold pieces.

Inventory:

Hand Weapons
 a - a +0 long sword (weapon)
Armour
 c - a +0 shield
 m - a +0 pair of gloves (worn)
 o - a +0 plate armour (worn)
Jewellery
 b - an uncursed ring of ice {unknown}
 p - a +3 ring of protection {unknown}
Scrolls
 e - a scroll of identify {unknown}
 q - a scroll of noise {unknown}
Potions
 d - 2 potions of might
 h - a potion of degeneration {unknown}
 i - a potion of heal wounds {unknown}
 j - a potion of brilliance {unknown}
 l - a potion of lignification {unknown}
Comestibles
 f - 3 bread rations
 g - 3 fruits
 n - 3 chunks of flesh


   Skills:
 + Level 3.8 Fighting
   Level 0.2(2.4) Short Blades
 - Level 4.0(4.1) Long Blades
 - Level 3.0 Armour
 - Level 3.0 Shields


You had 4 spell levels left.
You didn't know any spells.

Dungeon Overview and Level Annotations

Branches:
Dungeon (3/15)

Altars:
Cheibriados
Xom
Zin


Message History

You feel better. Something hits you but does no damage.
You slash something!
You hear some strange, mumbled words.
A magic dart appears from out of thin air!
The magic dart hits you!
* * * LOW HITPOINT WARNING * * *
You hit something but do no damage.
You hear some strange, mumbled words.
A magic dart appears from out of thin air!
The magic dart hits you!
* * * LOW HITPOINT WARNING * * *
You miss something. Something hits you but does no damage.
You miss something.
You hear some strange, mumbled words.
You are confused.
Something hits you but does no damage.
You barely miss something.
You bump into the rock wall.
Something hits you but does no damage.
You are electrocuted!
You die...

#...........###.#.## #....
#.##.######........####.#.
#.##................###...
#.#############......#....
#.# ##_#.....#..# #.#
##>....#.##..# #.#
#.#.#..#.##..# #.#
#####...#..#.##... #)#
#@o†.......#.##.## #.#
#.###.....##.##...
#.#######.# #.###.##.#####
#.........# #.# #.##.#####
########### #.###.........
#........##### ##########


You could see an orc.

Vanquished Creatures
  Terence (D:2)
  2 adders (D:2)
  An ooze (D:1)
  A worm (D:2)
  2 dart slugs
  A ball python (D:2)
  4 giant cockroaches
  9 goblins
  6 hobgoblins
  2 jackals (D:2)
  A kobold (D:1)
  5 bats
  4 frilled lizards
  4 rats
43 creatures vanquished.

Notes
Turn   | Place    | Note
-------+----------+-------------------------------------------
     0 | D:1      | Popi the Human Fighter began the quest for the Orb.
     0 | D:1      | Reached XP level 1. HP: 18/18 MP: 1/1
     6 | D:1      | Noticed a wyvern
     6 | D:1      | Noticed a swamp worm
     6 | D:1      | Noticed an anaconda
     7 | D:1      | Noticed a polar bear
     7 | D:1      | Noticed a redback
   110 | D:1      | Reached XP level 2. HP: 18/24 MP: 2/2
   222 | D:1      | Reached skill level 3 in Long Blades
   297 | D:1      | Reached XP level 3. HP: 23/29 MP: 3/3
   599 | D:2      | Found a shimmering altar of Xom.
   614 | D:2      | Found a snail-covered altar of Cheibriados.
   954 | D:2      | Reached skill level 4 in Long Blades
   954 | D:2      | Reached XP level 4. HP: 25/35 MP: 4/4
  1242 | D:2      | Found a glowing silver altar of Zin.
  1242 | D:2      | Noticed an angel
  1465 | D:2      | Noticed Terence
  1487 | D:2      | Killed Terence
  1487 | D:2      | Reached XP level 5. HP: 37/42 MP: 5/5
  1595 | D:2      | Mangled by an orc wizard

Skill      XL: |  1  2  3 |
---------------+----------+-----
Long Blades    | 3 4 |  4.0
Fighting       | |  3.8
Short Blades   | |  0.2
Armour         | |  3.0
Shields        | |  3.0

Action                   |  1- 3 |  4- 6 || total
-------------------------+-------+-------++-------
Melee: Long sword        |    94 |    58 ||   152
       Rapier            |     7 |     6 ||    13
  Use: Potion            |       |     1 ||     1
  Eat: Chunk             |       |     2 ||     2
Armor: Scale mail        |    54 |       ||    54
       Plate armour      |     4 |    41 ||    45
Dodge: Dodged            |    54 |    19 ||    73
Block: Shield            |    16 |       ||    16
       Rpst.: Long sword |    10 |     6 ||    16
